 Dungeon Crawl Stone Soup version 0.24-a0-458-gfcb5e6da0e (webtiles) character file.

Game seed: 9620203433743755685

6064 Azzok the Warmonger (level 11, -3/75 HPs)
             Began as a Formicid Fighter on June 27, 2019.
             Was an Elder of Okawaru.
             Killed from afar by a battlesphere (12 damage)
             ... created by a tengu conjurer
             ... on level 10 of the Dungeon.
             The game lasted 00:17:00 (12028 turns).

Azzok the Warmonger (Formicid Fighter)             Turns: 12028, Time: 00:17:00

Health: -3/75      AC: 13    Str: 24    XL:     11   Next: 11%
Magic:  18/18      EV:  6    Int:  8    God:    Okawaru [****..]
Gold:   592        SH: 11    Dex: 10    Spells: 10/10 levels left

rFire    . . .     SeeInvis +   E - +2 halberd (venom)
rCold    . . .     Gourm    .   c - +0 shield
rNeg     . . .     Faith    .   y - +0 plate armour
rPois    .         Spirit   .   (helmet unavailable)
rElec    .         Reflect  .   (no cloak)
rCorr    .         Harm     .   g - +0 pair of gloves
MR       +....                  z - +0 pair of boots
Stlth    ..........             (no amulet)
HPRegen  0.22/turn              (no ring)
MPRegen  0.16/turn              (no ring)

@: no status effects
A: permanent stasis, dig shafts and tunnels, four strong arms, antennae 3
a: Dig, Shaft Self, Heroism, Renounce Religion


You were on level 10 of the Dungeon.
You worshipped Okawaru.
Okawaru was greatly pleased with you.
You were not hungry.

You visited 1 branch of the dungeon, and saw 10 of its levels.

You collected 592 gold pieces.

Inventory:

Hand Weapons
 a - a +0 war axe
 e - a +1 whip of venom
 E - a +2 halberd of venom (weapon)
Armour
 c - a +0 shield (worn)
 g - a +0 pair of gloves (worn)
 y - a +0 plate armour (worn)
 z - a +0 pair of boots (worn)
Jewellery
 D - an uncursed amulet of guardian spirit {unknown}
Wands
 b - a wand of enslavement (19)
 B - a wand of polymorph (6)
 F - a wand of acid (3)
Scrolls
 i - 3 scrolls of remove curse
 l - 2 scrolls of teleportation {unknown}
 n - 2 scrolls of fog {unknown}
 o - a scroll of enchant armour {unknown}
 p - a scroll of magic mapping
 t - a scroll of blinking {unknown}
 u - a scroll of enchant weapon {unknown}
 v - 3 scrolls of identify
 x - 2 scrolls of noise {unknown}
 A - 2 scrolls of amnesia {unknown}
Potions
 d - 5 potions of might
 h - 3 potions of agility
 j - 3 potions of ambrosia
 k - 3 potions of heal wounds {unknown}
 m - 2 potions of haste {unknown}
 q - 3 potions of lignification {unknown}
 r - 2 potions of curing
 s - 3 potions of flight {unknown}
 w - a potion of mutation {unknown}
Comestibles
 f - 13 rations


   Skills:
 - Level 3.2 Fighting
 + Level 10.0 Axes
 - Level 3.2 Armour
 - Level 9.0 Shields
 - Level 10.1 Invocations
 + Level 7.0 Evocations


You had 10 spell levels left.
You didn't know any spells.
Your spell library was empty.

Dungeon Overview and Level Annotations

Branches:
Dungeon (10/15)            Temple (0/1) D:6             Orc (0/2) D:9
   Lair: D:8-11

Altars:
Cheibriados
Dithmenos
Elyvilon
Gozag
Kikubaaqudgha
Nemelex Xobeh
Okawaru
Qazlal
Ru
Xom
Zin
The Shining One

Shops:
D:4 %

Annotations:
D:4 3 runed translucent doors, DEFE's ghost, novice DsWn; DavidChitty2's ghost, amateur MiFi
D:5 1 exclusion
D:7 1 runed translucent door, hitsuchi's ghost, novice TrBe


Innate Abilities, Weirdness & Mutations

You cannot be hasted, slowed, berserked, paralysed or teleported.
You can dig through walls and to a lower floor.
Your four strong arms can wield two-handed weapons with a shield.
You have a pair of large antennae on your head. (SInv)


Message History

A tengu conjurer is nearby!
The tengu conjurer mumbles some strange words.
The tengu conjurer conjures a globe of magical energy!
Found 2 rations.
A battlesphere comes into view.
There is an open door here.
The tengu conjurer barely misses you.
The tengu conjurer pecks you but does no damage.
The tengu conjurer claws you.
You hit the tengu conjurer.
The tengu conjurer is lightly wounded.
You block the tengu conjurer's attack. The tengu conjurer pecks you.
The tengu conjurer claws you but does no damage.
You barely miss the tengu conjurer.
The tengu conjurer is lightly wounded.
The tengu conjurer casts a spell at you.
The bolt of lightning hits you!! x2
* * * LOW HITPOINT WARNING * * *
The battlesphere fires!
The barrage of energy hits you!
You die...

▒·▒···)········▒
▒·▒··▒▒··▒▒··▒·▒
▒·▒··▒▒······▒·▒
···············▒
·▒▒▒╬▒▒▒▒▒▒····▒▒
· ▒▒▒▒▒··▒
▒▒%·P▒▒·▒
▒%·P*·▒·▒ ♣·Q@'·▒
▒%··P·▒▒▒ ▒▒%··▒▒
▒▒▒▒


You could see a tengu conjurer and a battlesphere.

Vanquished Creatures
  A two-headed ogre (D:7)
  Pikel (D:9)
  Prince Ribbit (D:7)
  Grinder (D:4)
  A hippogriff (D:9)
  Sigmund (D:4)
  Menkaure (D:5)
  7 orc warriors
  2 ice beasts
  3 sky beasts
  A slave (D:8)
  A necrophage (D:10)
  A phantom (D:7)
  3 ogres
  4 centaurs
  5 bullfrogs
  A wyvern zombie (D:9)
  A gnoll sergeant (D:2)
  A scorpion (D:9)
  4 killer bees (D:9)
  3 howler monkeys (D:10)
  A quasit (D:7)
  A centaur zombie (D:9)
  6 crimson imps
  A bullfrog zombie (D:6)
  6 orc priests
  6 hounds
  11 orc wizards
  A bullfrog skeleton (D:6)
  5 iguanas
  A hound skeleton (D:6)
  Robin (D:2)
  11 gnolls
  12 adders
  A shadow imp (D:9)
  3 oozes
  An adder skeleton (D:4)
  4 worms
  2 dart slugs (D:2)
  3 leopard geckos
  42 orcs
  7 giant cockroaches
  19 goblins
  11 hobgoblins
  20 jackals
  7 kobolds
  8 quokkas
  3 ball pythons
  7 bats
  9 frilled lizards
  3 jackal skeletons
  A quokka skeleton (D:7)
  14 rats
272 creatures vanquished.

Vanquished Creatures (others)
  An orc (D:9)
1 creature vanquished.

Grand Total: 273 creatures vanquished

Notes
Turn   | Place    | Note
-------+----------+-------------------------------------------
     0 | D:1      | Azzok the Formicid Fighter began the quest for the Orb.
     0 | D:1      | Reached XP level 1. HP: 18/18 MP: 1/1
   146 | D:1      | Reached XP level 2. HP: 24/24 MP: 2/2
   409 | D:1      | Reached XP level 3. HP: 29/29 MP: 3/3
   978 | D:2      | Reached XP level 4. HP: 35/35 MP: 4/4
  1014 | D:2      | Noticed Robin
  1023 | D:2      | Killed Robin
  1023 | D:2      | Reached skill level 5 in Shields
  1280 | D:2      | Found a stormy altar of Qazlal.
  1290 | D:2      | Found a faded altar of an unknown god.
  1363 | D:2      | Reached XP level 5. HP: 41/41 MP: 5/5
  1481 | D:2      | Found a sacrificial altar of Ru.
  1489 | D:2      | Found an iron altar of Okawaru.
  1496 | D:2      | Became a worshipper of Warmaster Okawaru
  1626 | D:2      | Found a glowing golden altar of the Shining One.
  1672 | D:2      | Found a snail-covered altar of Cheibriados.
  2101 | D:2      | Reached skill level 1 in Invocations
  2196 | D:2      | Reached XP level 6. HP: 20/47 MP: 5/7
  2930 | D:3      | Reached XP level 7. HP: 43/52 MP: 9/9
  3314 | D:3      | Found a white marble altar of Elyvilon.
  3949 | D:4      | Noticed Sigmund
  3970 | D:4      | Killed Sigmund
  3970 | D:4      | Reached skill level 5 in Axes
  4136 | D:4      | Noticed Grinder
  4153 | D:4      | Killed Grinder
  4153 | D:4      | Reached * piety under Okawaru
  4153 | D:4      | Reached XP level 8. HP: 44/58 MP: 9/11
  4428 | D:4      | Found Ymomoidd's Food Emporium.
  4472 | D:4      | Found a runed translucent gate.
  4472 | D:4      | Found a runed translucent gate.
  4474 | D:4      | Found a runed translucent gate.
  4476 | D:4      | Noticed DEFE's ghost (novice DsWn)
  4476 | D:4      | Noticed DavidChitty2's ghost (amateur MiFi)
  4541 | D:4      | Found a shimmering altar of Xom.
  4768 | D:4      | Reached skill level 5 in Invocations
  4938 | D:5      | Entered Level 5 of the Dungeon
  5037 | D:5      | Noticed Menkaure
  5048 | D:5      | Killed Menkaure
  5347 | D:5      | Reached ** piety under Okawaru
  5539 | D:5      | Reached XP level 9. HP: 64/64 MP: 13/13
  5630 | D:5      | Found an opulent altar of Gozag.
  5630 | D:5      | Found a sparkling altar of Nemelex Xobeh.
  5845 | D:6      | Found an ancient bone altar of Kikubaaqudgha.
  6475 | D:6      | Found a staircase to the Ecumenical Temple.
  7050 | D:6      | Found a shadowy altar of Dithmenos.
  7185 | D:6      | Reached *** piety under Okawaru
  7200 | D:6      | Reached skill level 1 in Evocations
  7745 | D:7      | Found a runed translucent door.
  7746 | D:7      | Found a shimmering altar of Xom.
  7746 | D:7      | Noticed hitsuchi's ghost (novice TrBe)
  7746 | D:7      | Noticed a +2 trident of chaos
  7763 | D:7      | Noticed a two-headed ogre
  8221 | D:7      | Noticed Prince Ribbit
  8259 | D:7      | Killed Prince Ribbit
  8259 | D:7      | Reached XP level 10. HP: 20/70 MP: 14/16
  8657 | D:7      | Found a glowing silver altar of Zin.
  8904 | D:7      | Killed a two-headed ogre
  8904 | D:7      | Reached **** piety under Okawaru
  9925 | D:9      | Noticed Pikel
  9971 | D:9      | Reached skill level 5 in Evocations
 10713 | D:9      | Killed Pikel
 10713 | D:9      | Reached skill level 10 in Invocations
 11294 | D:9      | Reached XP level 11. HP: 59/75 MP: 16/18
 11368 | D:9      | Found a staircase to the Orcish Mines.
 11641 | D:10     | Entered Level 10 of the Dungeon
 11957 | D:10     | Reached skill level 10 in Axes
 12028 | D:10     | Killed from afar by a battlesphere

Levels and vault maps discovered:
D:1:      dpeg_arrival_solitude, layout_basic, hangedman_abyss_or_decor_stabs,
          minmay_pentomino_r2
D:2:      layout_basic, lemuel_crystal_altar, nicolae_overflow_quartered_altars,
          chequers_ecumenical_altar_simple_redux, minmay_ruptured, uniq_robin
D:3:      layout_basic, elyvilon_altar_3, serial_rivers,
          chequers_serial_rivers_marsh, chequers_serial_rivers_small_b,
          chequers_serial_rivers_small_b, chequers_serial_rivers_micro_e,
          hangedman_decor_growths, kennysheep_minor_cross
D:4:      layout_loops_ring, led_xom_imps, gammafunk_ghost_cemetery,
          serial_shops, nicolae_shop_window_shopping, first_ration,
          uniq_grinder, uniq_sigmund
D:5:      cheibrodos_two_vegetables, layout_basic,
          grunt_temple_overflow_opulence, uniq_menkaure
D:6:      layout_loops_ring, kennysheep_little_box, kiku_gazebo_pond_becter,
          temple_fountains, minmay_misc_feat_plants
D:7:      layout_basic, basic_altar, ebering_ghost_xom, uniq_prince_ribbit1
D:8:      layout_basic
D:9:      layout_roguey, erik_orc_2, uniq_pikel
D:10:     layout_stronghold, david_lair_generic, grunt_tengu_nest,
          kennysheep_cross_room, uniq_psyche, uniq_erica, uniq_snorg

Skill      XL: |  1  2  3  4  5  6  7  8  9 10 11 |
---------------+----------------------------------+-----
Shields        | 4 5 6 7 8 9 |  9.0
Axes           | 3 4 5 6 8 9 10 | 10.0
Invocations    | 1 2 4 6 8 10 | 10.1
Evocations     | 3 6 7 |  7.0
Fighting       | |  3.2
Armour         | |  3.2

Action                   |  1- 3 |  4- 6 |  7- 9 | 10-12 || total
-------------------------+-------+-------+-------+-------++-------
Melee: War axe           |   118 |   103 |    45 |       ||   266
       Whip              |       |    93 |   583 |   225 ||   901
       Halberd           |       |       |       |   156 ||   156
Invok: Heroism           |       |       |     3 |     6 ||     9
  Use: Scroll            |     4 |     1 |     1 |       ||     6
       Potion            |       |     2 |       |     1 ||     3
 Stab: Distracted        |       |       |       |     1 ||     1
  Eat: Chunk             |       |     7 |    18 |     9 ||    34
       Ration            |       |       |       |     1 ||     1
Armor: Scale mail        |    33 |       |       |       ||    33
       Chain mail        |    36 |    80 |   142 |       ||   258
       Plate armour      |       |       |    31 |   155 ||   186
Dodge: Dodged            |    34 |    48 |   109 |    80 ||   271
Block: Shield            |    62 |    94 |   263 |   178 ||   597

Table legend:
 A = Non-vault XP
 B = Vault XP
 C = Vault XP percentage of total XP
 D = Non-vault monster count
 E = Vault monster count
 F = Vault count percentage of total count
                 A         B        C        D         E       F
            +---------+---------+-------+---------+---------+-------
      Total |    6165 |    2499 |  28.8 |     228 |      43 |  15.9
            +---------+---------+-------+---------+---------+-------
        D:1 |      58 |       1 |   1.7 |      34 |       1 |   2.9
        D:2 |     308 |      43 |  12.3 |      39 |      14 |  26.4
        D:3 |     209 |      48 |  18.7 |      31 |       1 |   3.1
        D:4 |     113 |     589 |  83.9 |      12 |       4 |  25.0
        D:5 |     509 |     172 |  25.3 |      13 |       1 |   7.1
        D:6 |    1266 |       0 |   0.0 |      28 |       0 |   0.0
        D:7 |    1609 |     274 |  14.6 |      15 |       1 |   6.2
        D:8 |     565 |       3 |   0.5 |      14 |       1 |   6.7
        D:9 |    1053 |    1369 |  56.5 |      27 |      20 |  42.6
       D:10 |     475 |       0 |   0.0 |      15 |       0 |   0.0
            +---------+---------+-------+---------+---------+-------
